Map: King's Cove LE

Players

Cham - Winner!

  • Race: Zerg Zerg
  • League: Master
  • Spawn Location: 11:00

puCK (Nina)

  • Race: Protoss Protoss
  • League: Grandmaster
  • Spawn Location: 5:00

Event: 2019 WCS Winter Americas

VOD

Have the link to the VOD?

Description

Time

  • Played on: March 23, 2019, 1:02 p.m.
  • Length: 6:57

All games in this series

Show
View Real Time Build Order
Export as new Build Order

Cham Zerg - Winner!

Build Orders: Hatch First 

Get SALT Encoding   

  12  0:01  Drone  
  13  0:10  Drone  
  14  0:19  Overlord  
  14  0:38  Drone x2  
  16  0:49  Hatchery  
  15  0:52  Drone  
  15  0:57  Drone  
  17  1:01  Drone  
  18  1:11  Extractor  
  17  1:16  Spawning Pool  
  16  1:19  Drone  
  16  1:23  Drone  
  18  1:32  Drone  
  19  1:43  Drone  
  20  1:53  Overlord  
  20  2:02  Queen x2  
  20  2:03  Zergling x2  
  20  2:05  Zergling x2  
  26  2:10  Metabolic Boost  
  26  2:13  Drone  
  27  2:17  Drone  
  28  2:23  Drone  
  28  2:26  Drone  
  30  2:39  Hatchery  
  29  2:44  Drone x2  
  29  2:51  Queen  
  33  2:55  Overlord  
  33  2:59  Zergling x4  
  35  3:06  Drone  
  35  3:10  Overlord  
  36  3:15  Drone x2  
  36  3:18  Drone x2  
  40  3:22  Drone x3  
  43  3:35  Drone x3, Evolution Chamber  
  45  3:42  Overlord  
  45  3:44  Overlord  
  45  3:49  Lair  
  45  3:54  Drone x3  
  48  3:59  Queen  
  49  4:03  Zergling x6  
  49  4:08  Zerg Melee Weapons Level 1  
  49  4:09  Zergling x2  
  53  4:11  Zergling x2  
  53  4:15  Drone  
  53  4:16  Drone x2  
  57  4:18  Drone  
  57  4:21  Overlord  
  58  4:25  Overlord  
  57  4:31  Queen  
  57  4:35  Overlord  
  59  4:40  Overlord  
  59  4:43  Drone x2  
  59  4:44  Zergling x6  
  59  4:45  Zergling x2  
  65  4:50  Zergling x8  
  69  5:01  Zergling x4  
  69  5:04  Nydus Network  
  69  5:06  Zergling x10  
  75  5:12  Queen x2  
  78  5:20  Zergling x12  
  84  5:23  Zergling x2  
  85  5:28  Overlord  
  85  5:32  Zergling x4  
  82  5:41  Zergling x6  
  82  5:42  Zergling x2  
  82  5:43  Nydus Canal  
  82  5:45  Zergling x4  
  82  5:52  Queen  
  82  5:53  Queen x2  
  82  5:54  Zergling x6  
  86  6:10  Nydus Canal  
  85  6:11  Zergling x2  
  85  6:12  Zergling x4  
  85  6:13  Zergling x2  
  85  6:14  Zergling x2  
  85  6:17  Zergling x2  
  91  6:21  Zergling x4  
  91  6:22  Overlord, Zergling x4  
  91  6:24  Zergling x2  
  96  6:26  Zergling x2  
  92  6:33  Zergling x2  
  92  6:34  Zergling x2  
  92  6:37  Zergling x4  
Show
View Real Time Build Order
Export as new Build Order

puCK Protoss 

Build Orders: 1 Gate Expand, Oracle Opening, Phoenix Opening 

Get SALT Encoding   

  12  0:00  Probe  
  13  0:12  Probe  
  14  0:19  Pylon  
  14  0:24  Probe  
  15  0:29  Assimilator  
  15  0:37  Probe  
  16  0:44  Gateway  
  16  0:45  Probe  
  17  0:53  Probe  
  17  1:03  Probe  
  19  1:15  Probe  
  20  1:26  Nexus  
  20  1:35  Cybernetics Core  
  20  1:39  Probe  
  21  1:43  Assimilator  
  21  1:51  Probe  
  22  1:54  Pylon  
  22  2:02  Adept  
  22  2:03  Probe  
  23  2:14  Stargate  
  25  2:18  Probe  
  25  2:21  Warp Gate  
  26  2:31  Probe  
  26  2:32  Adept  
  26  2:35  Probe  
  29  2:41  Probe  
  29  2:43  Probe  
  31  2:49  Probe  
  32  2:53  Probe  
  32  2:57  Probe  
  34  2:59  Phoenix  
  38  3:05  Probe  
  38  3:09  Probe  
  39  3:16  Gateway  
  39  3:17  Probe  
  40  3:21  Probe  
  40  3:23  Oracle, Pylon  
  41  3:29  Probe  
  41  3:33  Probe  
  46  3:42  Probe  
  46  3:43  Pylon  
  46  3:45  Probe  
  48  3:54  Probe  
  49  3:57  Pylon  
  49  3:58  Probe  
  49  4:00  Oracle  
  53  4:09  Adept  
  55  4:10  Probe  
  55  4:12  Probe  
  55  4:16  Adept  
  59  4:22  Probe  
  59  4:24  Pylon, Probe  
  60  4:26  Nexus  
  61  4:34  Probe  
  61  4:37  Probe  
  63  4:39  Assimilator  
  63  4:40  Assimilator  
  63  4:46  Probe, Adept  
  63  4:49  Probe  
  63  4:51  Pylon  
  67  4:53  Pylon  
  67  4:59  Probe  
  68  5:00  Robotics Facility x2  
  68  5:04  Zealot  
  68  5:05  Probe  
  71  5:08  Twilight Council  
  71  5:11  Forge, Probe  
  72  5:16  Zealot  
  72  5:17  Probe  
  75  5:23  Probe  
  76  5:29  Probe  
  76  5:33  Zealot  
  76  5:35  Probe  
  80  5:36  Zealot  
  80  5:38  Immortal x2  
  80  5:41  Probe  
  81  5:47  Probe  
  89  5:50  Probe  
  89  5:57  Stalker x2  
  89  6:06  Templar Archives  
  89  6:09  Probe  
  87  6:20  Stalker x2  
  88  6:35  Probe  
  70  6:44  Sentry  
Tags
 
Add a new tag
Caveats
  • Supply blocks, unpowered buildings, or Contaminate may cause inaccurate times.
  • Supply counts are checked every 10 seconds.